 Dungeon Crawl Stone Soup version 0.24.1-14-gf8d2b509d9 (webtiles) character file.

Game seed: 6970359572657355530, levelgen mode: deterministic

881 CrazyMind the Chucker (level 8, -1/78 HPs)
             Began as an Ogre Hunter on May 16, 2020.
             Slain by a human zombie (8 damage)
             ... in an ossuary.
             The game lasted 00:20:56 (4790 turns).

CrazyMind the Chucker (Ogre Hunter)                 Turns: 4790, Time: 00:20:56

Health: -1/78      AC:  3    Str: 19    XL:     8   Next: 5%
Magic:  8/8        EV: 10    Int: 12    God:
Gold:   328        SH:  0    Dex:  9    Spells: 7/7 levels left

rFire    . . .     SeeInvis .   y - +0 flail
rCold    . . .     Gourm    .   (no shield)
rNeg     . . .     Faith    .   q - +0 robe (curse)
rPois    .         Spirit   .   (helmet restricted)
rElec    .         Reflect  .   (no cloak)
rCorr    .         Harm     .   (gloves unavailable)
MR       .....                  (boots unavailable)
Stlth    +.........             x - amulet of regeneration
HPRegen  0.63/turn              (no ring)
MPRegen  0.11/turn              (no ring)

@: berserk cooldown, hasted and slowed
A: large, unfitting armour, tough skin 1
a: no special abilities


You were in an ossuary.
You were not hungry.

You visited 1 branch of the dungeon, and saw 5 of its levels.
You also visited: Ossuary.

You collected 328 gold pieces.

Inventory:

Hand Weapons
 b - a +0 fustibalus
 p - a +0 mace
 t - a +1 whip of venom
 y - a +0 flail (weapon)
Missiles
 c - 3 large rocks
 d - 2 throwing nets
 i - 52 stones
 u - 6 datura-tipped darts
 w - 20 sling bullets
 C - 6 boomerangs (quivered)
Armour
 q - a cursed +0 robe (worn)
Jewellery
 x - an amulet of regeneration (around neck)
Wands
 D - a wand of polymorph (7)
Scrolls
 e - 2 scrolls of identify
 j - a scroll of blinking {unknown}
 k - a scroll of random uselessness {unknown}
 l - 3 scrolls of teleportation
 m - 3 scrolls of remove curse {unknown}
 o - a scroll of immolation {unknown}
 r - 2 scrolls of fear {unknown}
 s - 2 scrolls of magic mapping {unknown}
Potions
 h - a potion of haste
 v - a potion of agility {unknown}
 A - a potion of degeneration {unknown}
 B - a potion of heal wounds {unknown}
Comestibles
 a - 5 chunks of flesh
 f - 8 rations


   Skills:
 + Level 4.1 Fighting
 * Level 4.9 Maces & Flails
 + Level 6.7 Throwing
 + Level 3.1 Dodging
 + Level 1.3 Stealth


You had 7 spell levels left.
You didn't know any spells.
Your spell library was empty.

Dungeon Overview and Level Annotations

Branches:
Dungeon (5/15)            Ossuary (1/1)
 Temple: D:4-7

Altars:
Elyvilon
Kikubaaqudgha
Xom


Innate Abilities, Weirdness & Mutations

You are too large for most types of armour.
You have tough skin. (AC +1)


Message History

The floor.
Unknown command.
Okay, then.
Unknown command.
Unknown command.
Okay, then.
Unknown command.
Unknown command.
Unknown command.
You barely miss the human zombie.
The human zombie is moderately damaged.
The goblin zombie hits you.
* * * LOW HITPOINT WARNING * * *
The human zombie hits you.
* * * LOW HITPOINT WARNING * * *
You sock the human zombie!
The human zombie is heavily damaged.
The goblin zombie hits you but does no damage.
The human zombie hits you!
You die...

##.........##
#.........Z.#
#####...#####
#...# ##...##
##.....##
#...∩...#
#.......#
#..Z@...#
##.Z...##
##...## #####


You could see a goblin zombie and a human zombie.

Vanquished Creatures
  Blork the orc (D:5)
  An elf zombie (Ossuary)
  A bullfrog (D:4)
  2 howler monkeys (D:4)
  2 orc priests
  2 gnoll shamans
  2 worker ants (D:4)
  2 orc wizards
  An iguana (D:2)
  2 big kobold zombies (Ossuary)
  A mummy (D:5)
  7 adders
  8 gnolls
  A worm (D:3)
  A leopard gecko (D:4)
  6 orcs
  5 bats
  6 giant cockroaches
  A gnoll zombie (Ossuary)
  2 hobgoblins (D:1)
  7 jackals
  2 quokkas (D:3)
  6 frilled lizards
  5 goblins
  5 goblin zombies
  A hobgoblin zombie (D:5)
  5 kobolds
  6 rats
91 creatures vanquished.

Vanquished Creatures (collateral kills)
  A phantom (D:4)
  2 gnolls (D:4)
3 creatures vanquished.

Vanquished Creatures (others)
  A frilled lizard (D:1)
1 creature vanquished.

Grand Total: 95 creatures vanquished

Notes
Turn   | Place    | Note
-------+----------+-------------------------------------------
     0 | D:1      | CrazyMind the Ogre Hunter began the quest for the Orb.
     0 | D:1      | Reached XP level 1. HP: 22/22 MP: 1/1
   435 | D:1      | Reached XP level 2. HP: 23/29 MP: 2/2
  1219 | D:2      | Reached XP level 3. HP: 35/36 MP: 3/3
  1371 | D:2      | Found a white marble altar of Elyvilon.
  1371 | D:2      | Found a shimmering altar of Xom.
  1372 | D:2      | Found an ancient bone altar of Kikubaaqudgha.
  1493 | D:3      | Reached skill level 1 in Maces & Flails
  1493 | D:3      | Reached skill level 5 in Throwing
  1493 | D:3      | Reached XP level 4. HP: 44/44 MP: 4/4
  2142 | D:3      | Reached XP level 5. HP: 52/53 MP: 5/5
  3410 | D:4      | Reached XP level 6. HP: 61/61 MP: 6/6
  3591 | D:4      | Noticed a phantom
  3607 | D:4      | Killed a phantom
  3607 | D:4      | Reached skill level 1 in Stealth
  3625 | D:4      | Reached skill level 6 in Throwing
  3799 | D:4      | Reached XP level 7. HP: 58/67 MP: 7/7
  4615 | D:5      | Entered Level 5 of the Dungeon
  4615 | D:5      | Noticed Blork the orc
  4618 | D:5      | Killed Blork the orc
  4711 | D:5      | Found a sand-covered staircase.
  4718 | Ossuary  | Entered an ossuary
  4779 | Ossuary  | Reached XP level 8. HP: 7/78 MP: 8/8
  4781 | Ossuary  | HP: 1/78 [human zombie (3)]
  4790 | Ossuary  | Slain by a human zombie

Levels and vault maps discovered:
D:1:      minmay_arrival_checkered_box, layout_basic, lemuel_old_faithful
D:2:      layout_basic, gammafunk_temple_overflow_claw
D:3:      layout_loops_corners
D:4:      layout_basic
D:5:      layout_layer_cave, lemuel_doored_altar, minmay_temple_entry_arrows,
          nicolae_ossuary_entry_giza, first_ration, uniq_blork_the_orc
Ossuary:  minmay_ossuary_gauntlet

Skill      XL: |  1  2  3  4  5  6  7 |
---------------+----------------------+-----
Dodging        | 2 3 |  3.1
Maces & Flails | 1 2 3 4 |  4.9
Throwing       | 5 6 |  6.7
Fighting       | 3 4 |  4.1
Stealth        | 1 |  1.3

Action                   |  1- 3 |  4- 6 |  7- 9 || total
-------------------------+-------+-------+-------++-------
Melee: Club              |    25 |       |       ||    25
       Short sword       |    12 |       |       ||    12
       Mace              |    15 |    43 |       ||    58
       Whip              |       |    37 |    49 ||    86
       Flail             |       |       |    50 ||    50
Throw: Stone             |    19 |    73 |    20 ||   112
       Large rock        |     5 |    17 |     3 ||    25
       Dart              |       |     1 |       ||     1
       Boomerang         |       |       |    27 ||    27
  Use: Potion            |       |       |     5 ||     5
       Scroll            |       |       |     2 ||     2
 Stab: Sleeping          |     1 |     1 |       ||     2
  Eat: Chunk             |     2 |     4 |     3 ||     9
       Ration            |       |     1 |       ||     1
Armor: Robe              |    25 |    17 |    32 ||    74
Dodge: Dodged            |    38 |    51 |    68 ||   157
